 Dungeon Crawl Stone Soup version 0.28-a0-804-g60983d4ba9 (webtiles) character file.

Game seed: 12353322456650779514

725 cheechan the Covered (level 7, -3/52 (64) HPs)
             Began as a Naga Fighter on Nov 7, 2021.
             Slain by a wight (21 damage)
             ... on level 4 of the Dungeon on Nov 8, 2021.
             The game lasted 00:20:53 (4301 turns).

cheechan the Covered (Naga Fighter)                 Turns: 4301, Time: 00:20:54

HP:   -3/52 (64)    AC:  8    Str: 18    XL:     7   Next: 72%
MP:   7/7           EV:  9    Int:  9    God:
Gold: 210           SH:  4    Dex: 12    Spells: 6/6 levels left

rFire   + . .      SeeInvis +   g - +4 dagger (venom)
rCold   . . .      Faith    .   c - +0 buckler
rNeg    + . .      Spirit   .   m - +3 ring mail {rN+}
rPois   +          Reflect  .   (no helmet)
rElec   .          Harm     .   (no cloak)
rCorr   .          Rampage  .   (no gloves)
Will    +....                   (no barding)
Stlth   +.........              (no amulet)
HPRegen 0.17/turn               i - ring of willpower
MPRegen 0.10/turn               o - ring of protection from fire

@: short of breath, heavily drained, very slow
A: AC +2, large, see invisible, deformed body, poison resistance, slowness 2,
spit poison 1, naga tail 1
a: Spit Poison


You were on level 4 of the Dungeon.
You visited 1 branch of the dungeon, and saw 5 of its levels.

You collected 210 gold pieces.

Inventory:

Hand Weapons
 a - a +0 war axe
 g - a +4 dagger of venom (weapon)
 k - a +1 vampiric dagger
Missiles
 e - 26 poisoned darts
 p - 18 bolts
Armour
 c - a +0 buckler (worn)
 m - a +3 ring mail of positive energy (worn)
Jewellery
 i - a ring of willpower (left hand)
 o - a ring of protection from fire (right hand)
Wands
 f - a wand of digging (7)
 l - a wand of iceblast (4)
Scrolls
 h - 2 scrolls of amnesia
Potions
 b - a potion of berserk rage {unknown}
 d - a potion of might
 j - 2 potions of degeneration {unknown}
 n - a potion of invisibility {unknown}


   Skills:
 + Level 4.2 Fighting
 + Level 3.6 Short Blades
 + Level 2.6 Axes
 + Level 4.5 Armour
 + Level 1.6 Dodging
 + Level 2.4 Stealth
 + Level 3.4 Shields


You had 6 spell levels left.
You didn't know any spells.
Your spell library contained the following spells:

 Spells                   Type           Power      Damage    Failure   Level
 Ensorcelled Hibernation  Hex/Ice        0%         N/A       71%         2
 Sublimation of Blood     Necr           0%         N/A       71%         2
 Wereblood                Tmut           0%         N/A       71%         2
 Conjure Flame            Conj/Fire      0%         6-21      90%         3
 Ignite Poison            Fire/Tmut/Pois 0%         N/A       90%         3
 Tukima's Dance           Hex            0%         N/A       90%         3
 Sticky Flame             Conj/Fire      0%         2d3       100%        4
 Summon Hydra             Summ           0%         N/A       100%        7


Dungeon Overview and Level Annotations

Branches:
Dungeon (5/15)
 Temple: D:4-7

Altars:
Cheibriados
Uskayaw
Xom


Innate Abilities, Weirdness & Mutations

Your serpentine skin is tough. (AC +2)
You have supernaturally acute eyesight. (SInv)
Armour fits poorly on your strangely shaped body.
Your system is resistant to poisons. (rPois)
You cover ground very slowly.
You can spit poison.
You have a snake-like lower body.


Message History

The wight hits you with a +4 great sword!
You partially resist.
You feel drained.
The water moccasin skeleton bites you but does no damage.
There is a stone staircase leading up, spattered with blood here.
You block the wight's attack.
The water moccasin skeleton closely misses you.
You climb upwards.
There is a stone staircase leading down, spattered with blood here.
You hit the wight.
The wight is lightly damaged.
The wight barely misses you.
You hit the wight.
The wight is lightly damaged.
The wight closely misses you.
You hit the wight but do no damage.
The wight is lightly damaged.
The wight hits you with a +4 great sword.
You partially resist.
You feel drained.
You barely miss the wight.
The wight is lightly damaged.
You block the wight's attack.
You barely miss the wight.
The wight is lightly damaged.
Abil: Spit Poison
Press: ? - help, Q - select action, (/) - cycle Shift-Dir - straight line, f - wight
Aim: a wight, wielding a +4 great sword and wearing a +0 robe (lightly damaged)
The splash of poison hits the wight.
The wight completely resists.
The wight is lightly damaged.
The wight barely misses you.
You barely miss the wight.
The wight is lightly damaged.
The wight hits you with a +4 great sword!
You hit the wight.
The wight is heavily damaged.
The wight hits you with a +4 great sword.
You partially resist.
You feel drained.
You hit the wight.
The wight is almost destroyed.
The wight hits you with a +4 great sword!!
You die...

#.......# #.....##.# #.##....§
#.##.##.# #.....##.# ##.######§
#.##.##.# ##.......# #..# #.
#.##)##.# ####.######..# #.
#.##.##.# #.........######.
#.##.##.###############.###.....
#.))..............# #.#.......
####.##.###..####.#####.#.#.##..
#.##.#.....[@z.......#.#.##..
#......#..####.#######.......
####.###..####.# #..†....#..
#.......(...# #.##.#.....
#.########### #.##[...... #.#
#.##....#.. #.# #.##..#.#.# #.#
#.##..>...# #.# #........##


You could see a wight.

Vanquished Creatures
  An ogre (D:4)
  A water moccasin skeleton (D:4)
  A wight (D:4)
  An orc priest (D:4)
  Jessica (D:2)
  Ijyb (D:3)
  Natasha (thrice) (D:3)
  Terence (D:3)
  7 orc wizards
  A hound skeleton (D:4)
  A gnoll (D:4)
  3 adders
  4 worms
  5 dart slugs
  12 orcs
  2 bats (D:1)
  6 endoplasms
  6 giant cockroaches
  9 goblins
  10 hobgoblins
  12 jackals
  7 quokkas
  5 ball pythons
  5 frilled lizards
  8 kobolds
  6 rats
119 creatures vanquished.

Notes
Turn   | Place    | Note
-------+----------+-------------------------------------------
     0 | D:1      | cheechan the Naga Fighter began the quest for the Orb.
     0 | D:1      | Reached XP level 1. HP: 21/21 MP: 1/1
    74 | D:1      | Reached XP level 2. HP: 28/28 MP: 2/2
   109 | D:1      | Found a faded altar of an unknown god.
   268 | D:1      | You fall into a shaft and drop 1 floor!
   294 | D:2      | Noticed Jessica
   298 | D:2      | Killed Jessica
   299 | D:2      | Reached XP level 3. HP: 25/34 MP: 3/3
   635 | D:1      | Reached XP level 4. HP: 42/42 MP: 4/4
  2044 | D:3      | Noticed Terence
  2056 | D:3      | Killed Terence
  2057 | D:3      | Reached skill level 1 in Short Blades
  2169 | D:3      | Reached XP level 5. HP: 31/50 MP: 5/5
  2274 | D:3      | Found a snail-covered altar of Cheibriados.
  2422 | D:3      | Noticed Natasha
  2433 | D:3      | Killed Natasha
  2467 | D:3      | Noticed Ijyb
  2487 | D:3      | Killed Ijyb
  2491 | D:3      | Reached skill level 1 in Stealth
  2508 | D:3      | Reached XP level 6. HP: 50/57 MP: 6/6
  2970 | D:3      | Noticed Natasha
  2981 | D:3      | Killed Natasha
  3012 | D:3      | Noticed Natasha
  3021 | D:3      | Killed Natasha
  3046 | D:4      | Found a hide-covered altar of Uskayaw.
  3092 | D:4      | Reached skill level 1 in Dodging
  3349 | D:4      | Reached XP level 7. HP: 52/64 MP: 7/7
  3362 | D:4      | Found a shimmering altar of Xom.
  3904 | D:5      | Entered Level 5 of the Dungeon
  4301 | D:4      | Slain by a wight

Illustrated notes

Levels and vault maps discovered:
D:1:      dpeg_arrival_prison, layout_loops_corners,
          shapermc_ecumenical_altar_totnotflames
D:2:      layout_loops_ring, grunt_ministairs_4, kennysheep_big_empty_room,
          uniq_jessica
D:3:      layout_loops_ring, cheibriados_altar_1,
          chequers_serial_rivers_small_b, uniq_terence, uniq_ijyb, uniq_natasha
D:4:      minmay_wonky_spiral, layout_loops_cross, nicolae_uskayaw_dance_hall,
          mainiacjoe_overflow_brackets
D:5:      minmay_octagon_keep, layout_rooms, temple_green, serial_shops,
          shop_statue

Skill      XL: |  1  2  3  4  5  6  7 |
---------------+----------------------+-----
Armour         | 3 4 |  4.5
Short Blades   | 1 2 3 |  3.6
Stealth        | 1 2 |  2.4
Fighting       | 4 |  4.2
Dodging        | 1 |  1.6
Shields        | 3 |  3.4
Axes           | |  2.6

Action                   |  1- 3 |  4- 6 |  7- 9 || total
-------------------------+-------+-------+-------++-------
Melee: War axe           |    25 |       |       ||    25
       Dagger            |    34 |   228 |   137 ||   399
 Abil: Spit Poison       |     1 |     9 |     4 ||    14
  Use: Scroll            |     1 |     6 |       ||     7
       Potion            |       |       |     1 ||     1
Armor: Scale mail        |    23 |    25 |       ||    48
       Ring mail         |       |    77 |    46 ||   123
Dodge: Dodged            |    19 |    94 |    59 ||   172
Block: Buckler           |    16 |    48 |    22 ||    86

Table legend: (Time is in decaauts)
 A = Elapsed time spent in this place.
 B = Non-inter-level travel time spent in this place.
 C = Inter-level travel time spent in this place.
 D = Time resting spent in this place.
 E = Time spent auto-exploring this place.
 F = Levels seen in this place.
 G = Mean time per level.
                   A        B        C        D        E       F      G
               +--------+--------+--------+--------+--------+-----+--------+
         Total |   5638 |   5638 |      0 |    333 |      0 |   5 | 1127.6 |
       Dungeon |   5638 |   5638 |      0 |    333 |      0 |   5 | 1127.6 |
               +--------+--------+--------+--------+--------+-----+--------+

Top non-repeatable levels by time:
     D:4: 1502 daAuts
     D:2: 1433 daAuts
     D:1: 1368 daAuts
     D:3: 1313 daAuts
     D:5: 20 daAuts
